 Dungeon Crawl Stone Soup version 0.30.1-9-gdf580d7c3d (webtiles) character file.

Game seed: 9895763641976036355

212 Eitelfritz the Chopper (level 5, -2/46 HPs)
             Began as a Hill Orc Fighter on Oct 20, 2023.
             Slain by Robin
             ... wielding a +2 dagger of electrocution
              (14 damage)
             ... on level 4 of the Dungeon.
             The game lasted 00:05:02 (3423 turns).

Eitelfritz the Chopper (Hill Orc Fighter)           Turns: 3423, Time: 00:05:03

Health: -2/46      AC:  8    Str: 19    XL:     5   Next: 90%
Magic:  5/5        EV:  9    Int: 10    God:
Gold:   217        SH:  4    Dex: 10    Spells: 4/4 levels left

rFire   . . .        a - +0 war axe
rCold   . . .        c - +0 buckler
rNeg    . . .        t - +0 scale mail
rPois   .            j - +0 helmet
rElec   .            (no cloak)
rCorr   .            (no gloves)
SInv    .            (no boots)
Will    .....        (no amulet) Stlth
                     (no ring)
HPRegen 0.27/turn    (no ring)
MPRegen 0.09/turn

%: no passive effects
@: no status effects
A: no striking features
a: no special abilities


You were on level 4 of the Dungeon.
You visited 1 branch of the dungeon, and saw 4 of its levels.
You also visited: Sewer.

You collected 217 gold pieces.

Inventory:

Hand Weapons
 a - a +0 war axe (weapon)
 b - a +0 sling
Missiles
 l - a throwing net (quivered)
Armour
 c - a +0 buckler (worn)
 j - a +0 helmet (worn)
 t - a +0 scale mail (worn)
Jewellery
 o - a ring of ice
 C - a ring of poison resistance
Scrolls
 f - 5 scrolls of teleportation {unknown}
 g - a scroll of fog {unknown}
 i - 3 scrolls of butterflies {unknown}
 k - 2 scrolls of amnesia {unknown}
 r - a scroll of enchant armour {unknown}
 v - a scroll of fear {unknown}
 w - 3 scrolls of identify {unknown}
 x - a scroll of immolation {unknown}
 y - a scroll of enchant weapon {unknown}
 A - a scroll of blinking {unknown}
 D - a scroll of vulnerability {unknown}
Potions
 d - 3 potions of might
 e - 2 potions of haste {unknown}
 h - 2 potions of invisibility {unknown}
 m - 2 potions of resistance {unknown}
 n - a potion of brilliance {unknown}
 p - 4 potions of curing {unknown}
 q - a potion of cancellation {unknown}
 s - a potion of ambrosia {unknown}
 u - 6 potions of flight
 z - a potion of attraction {unknown}
 B - a potion of mutation {unknown}


   Skills:
 + Level 4.1 Fighting
 + Level 5.4 Axes
 + Level 4.8 Armour
 + Level 0.5 Dodging
 + Level 0.5 Stealth
 + Level 3.6 Shields


You had 4 spell levels left.
You didn't know any spells.
Your spell library was empty.

Dungeon Overview and Level Annotations

Branches:
Dungeon (4/15)              Sewer (visited)
 Temple: D:4-7

Altars:
Yredelemnul

Annotations:
D:4 Robin


Message History

You hit Robin but do no damage.
Robin is heavily wounded.
You hit the goblin. You slash the hobgoblin!
You kill the hobgoblin!
Robin closely misses you.
A goblin comes into view. It is wielding a +0 club.
The goblin hits you but does no damage.
You barely miss Robin.
Robin is heavily wounded.
You closely miss the goblin. You barely miss the goblin.
Robin barely misses you. The goblin closely misses you.
The goblin hits you but does no damage.
You closely miss Robin.
Robin is heavily wounded.
You hit the goblin.
You kill the goblin!
You closely miss the goblin. The goblin hits you with a +0 club.
Robin throws the goblin at you!
You hit Robin.
Robin is severely wounded.
You closely miss the goblin. You slash the goblin!
You kill the goblin!
Robin hits you but does no damage. The goblin hits you but does no damage.
You block the goblin's attack.
A hobgoblin comes into view.
Robin hits you but does no damage.
You hit Robin but do no damage.
Robin is severely wounded.
You barely miss the goblin.
Robin hits you with a +2 dagger of electrocution.
You are electrocuted!
* * * LOW HITPOINT WARNING * * *
The goblin barely misses you.
You barely miss Robin.
Robin is severely wounded.
You closely miss the goblin.
Robin hits you with a +2 dagger of electrocution.
* * * LOW HITPOINT WARNING * * *
You are electrocuted!
You die...

....... .# ...... ##.# .
...####..#### ##
..###.#..[...... ..
.......<.#.# .
...........### .#
..######.....#####.####.
###.#...))).<....
######....#g@gg.....
......).....###.####
########....# #.....##
#.###..# ... ##.# ..# .#
### ##


You could see Robin, a hobgoblin and a goblin.

Vanquished Creatures
  6 adders
  3 river rats (Sewer)
  6 worms
  A dart slug (D:1)
  11 bats
  7 endoplasms
  5 giant cockroaches
  9 hobgoblins
  10 jackals
  2 kobolds (D:1)
  4 quokkas
  13 ball pythons
  7 frilled lizards
  13 goblins
  8 rats
  A spectral orc (D:3)
106 creatures vanquished.

Notes
Turn   | Place    | Note
-------+----------+-------------------------------------------
     0 | D:1      | Eitelfritz the Hill Orc Fighter began the quest for the
                  | Orb.
     0 | D:1      | Reached XP level 1. HP: 19/19 MP: 1/1
   139 | D:1      | Reached skill level 3 in Axes
   145 | D:1      | Reached XP level 2. HP: 20/26 MP: 2/2
   444 | D:1      | Reached XP level 3. HP: 33/33 MP: 3/3
   881 | D:2      | Reached skill level 4 in Axes
  1159 | D:2      | Reached XP level 4. HP: 34/40 MP: 4/4
  1510 | D:3      | Found a glowing drain.
  1523 | Sewer    | Entered a sewer
  1765 | Sewer    | Reached XP level 5. HP: 18/46 MP: 5/5
  1975 | Sewer    | Reached skill level 5 in Axes
  1999 | Sewer    | HP: 2/46 [quokka (4)]
  3109 | D:3      | Found a faded altar of an unknown god.
  3346 | D:3      | Found a basalt altar of Yredelemnul.
  3413 | D:4      | Noticed Robin
  3423 | D:4      | Slain by Robin

Illustrated notes

Levels and vault maps discovered:
D:1:      dpeg_arrival_round_c, layout_basic, dreamdust_princess_corridor,
          st_stairs_6, minmay_misc_feat_iff
D:2:      layout_basic
D:3:      layout_loops_corners, yredelemnul_forgotten_temple_becter,
          cheibrodos_sewer_entry_drain, dilly_ecumenical_altar_fadedgnrine
D:4:      layout_rooms, minmay_misc_feat_hallway, kennysheep_generic_room_13,
          uniq_crazy_yiuf_cottage, uniq_robin, uniq_eustachio

Skill      XL: |  1  2  3  4  5 |
---------------+----------------+-----
Axes           | 3 4 5 |  5.4
Armour         | 4 |  4.8
Fighting       | 4 |  4.1
Dodging        | |  0.5
Stealth        | |  0.5
Shields        | |  3.6

Action                     |  1- 3 |  4- 6 || total
---------------------------+-------+-------++-------
  Melee: War axe           |   105 |   168 ||   273
 Armour: Scale mail        |    77 |   104 ||   181
  Dodge: Dodged            |    68 |    90 ||   158
  Block: Buckler           |    38 |    40 ||    78
